 Dungeon Crawl Stone Soup version 0.23.1-37-gaa34b87b72 (webtiles) character file.

Game seed: 2607912087994228823

2508 GGGomer the Cleaver (level 9, -1/81 HPs)
             Began as a Hill Orc Fighter on Mar 21, 2019.
             Slain by Grum
             ... wielding a -1 spear
              (3 damage)
             ... on level 8 of the Dungeon.
             The game lasted 00:52:50 (9086 turns).

GGGomer the Cleaver (Hill Orc Fighter)              Turns: 9086, Time: 00:52:51

Health: -1/81      AC: 15    Str: 22    XL:     9   Next: 53%
Magic:  13/13      EV: 10    Int:  8    God:
Gold:   430        SH:  0    Dex: 10    Spells: 13/13 levels left

rFire    . . .     SeeInvis .   A - +3 battleaxe
rCold    . . .     Gourm    .   (shield currently unavailable)
rNeg     + . .     Faith    .   M - quicksilver dragon scales
rPois    .         Spirit   .   y - +2 hat
rElec    .         Reflect  .   (no cloak)
rCorr    .         Harm     .   (no gloves)
MR       +....                  s - +0 pair of boots
Stlth    +.........             C - amulet of magic regeneration
HPRegen  0.23/turn              E - ring of positive energy
MPRegen  0.38/turn              J - ring of flight

@: slowed, very slow
A: no striking features
a: Evoke Flight


You were on level 8 of the Dungeon.
You were not hungry.

You visited 2 branches of the dungeon, and saw 9 of its levels.

You collected 430 gold pieces.

Inventory:

Hand Weapons
 a - a +1 war axe
 n - a +0 hunting sling
 u - a +0 whip of venom
 A - a +3 battleaxe (weapon)
 F - a +0 short sword of holy wrath
Missiles
 g - 114 sling bullets
 j - 10 tomahawks
 l - 43 bolts
 q - 187 stones (quivered)
 v - 44 poisoned needles
 w - 106 arrows
Armour
 c - a +1 shield
 s - a +0 pair of boots (worn)
 y - a +2 hat (worn)
 L - the +1 chain mail of the Cast Vote {*Contam rF++}
   (You found it on level 4 of the Dungeon)

   It greatly protects you from fire.
   It causes magical contamination when unequipped.
 M - quicksilver dragon scales (worn)
Jewellery
 k - an uncursed ring of ice
 z - an uncursed ring of protection from cold
 C - an amulet of magic regeneration (around neck)
 D - an uncursed ring of fire
 E - a ring of positive energy (left hand)
 J - a ring of flight (right hand)
Wands
 x - a wand of paralysis (8)
 G - a wand of enslavement (3)
Scrolls
 b - a scroll of identify
 h - 4 scrolls of remove curse
 r - 5 scrolls of teleportation
 t - 2 scrolls of magic mapping
 B - a scroll of amnesia
 H - 4 scrolls of fear
Potions
 d - 2 potions of might
 e - 8 potions of curing
 i - 2 potions of flight
 m - a potion of ambrosia
 o - 2 potions of degeneration
Comestibles
 f - 12 rations


   Skills:
 * Level 7.9 Fighting
 * Level 8.3 Axes
 * Level 7.3 Armour
 - Level 0.4 Dodging
 - Level 2.0 Stealth
 - Level 6.7 Shields
 + Level 2.7 Spellcasting


You had 13 spell levels left.
You didn't know any spells.
Your spell library was empty.

Dungeon Overview and Level Annotations

Branches:
Dungeon (8/15)             Temple (1/1) D:5
   Lair: D:8-11

Altars:
Ashenzari
Cheibriados
Dithmenos
Elyvilon
Fedhas
Gozag
Kikubaaqudgha
Okawaru
Qazlal
Ru
Trog
Uskayaw
Vehumet
Wu Jian
Xom
Yredelemnul
Zin
The Shining One

Annotations:
D:5 3 runed translucent doors, Floush's ghost, novice HOGl; tidbits's ghost, amateur GnSk
D:8 Grum


Message History

The howler monkey zombie hits you but does no damage.
You hit the howler monkey zombie.
The howler monkey zombie is severely damaged.
Grum misses you.
The howler monkey zombie hits you but does no damage.
Grum barely misses you.
The howler monkey zombie hits you but does no damage.
You slash the howler monkey zombie!
You destroy the howler monkey zombie!
Grum hits you from afar with a -1 spear.
* * * LOW HITPOINT WARNING * * *
Grum hits you from afar with a -1 spear.
* * * LOW HITPOINT WARNING * * *
Grum hits you from afar with a -1 spear!
* * * LOW HITPOINT WARNING * * *
Wield which item (- for none, * to show all)? (? for menu, Esc to quit)
Okay, then.
Okay, then.
Grum hits you with a -1 spear.
You die...

. .. ... ....
####### .....
#.....####......
#..##...@g.#
##..#.####.#
##########.#.# #
.............#
.............#
..........#......_
######.########..
#..## ##..###


You could see Grum.

Vanquished Creatures
  Sigmund (D:6)
  A wraith (D:8)
  An ice beast (D:7)
  3 ogres
  3 wolves (D:8)
  The ghost of Cykl0x the Conjurer, an amateur OpCj (D:3)
  2 big kobolds (D:4)
  A scorpion (D:5)
  5 wights (D:7)
  A howler monkey (D:4)
  2 crimson imps
  2 hounds
  8 orc wizards
  2 bullfrog skeletons
  2 centaur skeletons
  5 orc priests
  Ijyb (D:3)
  3 worker ants
  2 hound zombies
  2 hound skeletons (D:4)
  A howler monkey zombie (D:8)
  8 gnolls
  6 adders
  A shadow imp (D:5)
  An ooze (D:6)
  2 worms (D:2)
  3 dart slugs
  6 leopard geckos
  29 orcs
  7 bats
  5 giant cockroaches
  9 goblins
  17 hobgoblins
  18 jackals
  16 kobolds
  2 quokkas
  3 ball pythons
  6 frilled lizards
  A jackal skeleton (D:8)
  A leopard gecko skeleton (D:7)
  5 rats
195 creatures vanquished.

Notes
Turn   | Place    | Note
-------+----------+-------------------------------------------
     0 | D:1      | GGGomer the Hill Orc Fighter began the quest for the Orb.
     0 | D:1      | Reached XP level 1. HP: 19/19 MP: 1/1
   325 | D:1      | Reached XP level 2. HP: 27/27 MP: 2/2
   458 | D:1      | Reached skill level 3 in Axes
   639 | D:1      | Reached XP level 3. HP: 30/33 MP: 3/3
  1320 | D:2      | Found a blossoming altar of Fedhas.
  1504 | D:2      | Reached XP level 4. HP: 34/40 MP: 4/4
  1922 | D:2      | Reached XP level 5. HP: 41/47 MP: 5/5
  1983 | D:2      | Found an iron altar of Okawaru.
  2189 | D:3      | Found an ornate altar of the Wu Jian Council.
  2226 | D:3      | Reached skill level 4 in Axes
  2354 | D:3      | Found a runed translucent door.
  2354 | D:3      | Noticed Cykl0x's ghost (amateur OpCj)
  2971 | D:3      | HP: 2/47 [Cykl0x's ghost/magic dart (5)]
  3508 | D:3      | Noticed Ijyb
  3526 | D:3      | Killed Ijyb
  3673 | D:3      | Killed Cykl0x's ghost
  3673 | D:3      | Reached XP level 6. HP: 37/53 MP: 6/6
  3770 | D:3      | Found a glowing silver altar of Zin.
  3995 | D:4      | Reached skill level 1 in Stealth
  4124 | D:4      | Reached skill level 5 in Fighting
  4124 | D:4      | Reached XP level 7. HP: 61/61 MP: 6/8
  4157 | D:4      | Reached skill level 5 in Axes
  4157 | D:4      | Reached skill level 5 in Shields
  4157 | D:4      | Reached skill level 1 in Spellcasting
  4163 | D:4      | Reached skill level 5 in Armour
  4443 | D:4      | Got an opal-encrusted chain mail
  4470 | D:4      | Identified the cursed +1 chain mail of the Cast Vote
                  | {*Contam rF++} (You found it on level 4 of the Dungeon)
  5688 | D:5      | Entered Level 5 of the Dungeon
  5752 | D:5      | Reached XP level 8. HP: 63/70 MP: 10/10
  5862 | D:5      | Found a basalt altar of Yredelemnul.
  5902 | D:5      | Found a staircase to the Ecumenical Temple.
  5943 | D:5      | Found a runed translucent gate.
  5943 | D:5      | Found a runed translucent gate.
  5944 | D:5      | Found a runed translucent gate.
  5947 | D:5      | Noticed Floush's ghost (novice HOGl)
  5947 | D:5      | Noticed tidbits's ghost (amateur GnSk)
  5986 | D:5      | Reached skill level 6 in Axes
  6053 | D:5      | Found a glowing golden altar of the Shining One.
  6367 | Temple   | Entered the Ecumenical Temple
  6782 | D:6      | Found a hide-covered altar of Uskayaw.
  6942 | D:6      | Noticed Sigmund
  6997 | D:6      | Killed Sigmund
  7906 | D:7      | Reached skill level 7 in Axes
  7925 | D:7      | Reached XP level 9. HP: 53/78 MP: 12/12
  8134 | D:7      | Found a basalt altar of Yredelemnul.
  8805 | D:7      | Found a bloodstained altar of Trog.
  9029 | D:8      | Found an ancient bone altar of Kikubaaqudgha.
  9062 | D:8      | Reached skill level 8 in Axes
  9068 | D:8      | Noticed Grum
  9085 | D:8      | HP: 1/81 [Grum/-1 spear (8)]
  9086 | D:8      | Slain by Grum

Skill      XL: |  1  2  3  4  5  6  7  8  9 |
---------------+----------------------------+-----
Fighting       | 4 5 6 7 |  7.9
Axes           | 3 4 5 7 8 |  8.3
Shields        | 4 5 6 |  6.7
Armour         | 4 5 6 7 |  7.3
Stealth        | 1 2 |  2.0
Spellcasting   | 1 2 |  2.7
Dodging        | |  0.4

Action                   |  1- 3 |  4- 6 |  7- 9 || total
-------------------------+-------+-------+-------++-------
Melee: War axe           |    98 |   166 |   285 ||   549
       Short sword       |       |    16 |       ||    16
       Battleaxe         |       |       |    74 ||    74
 Fire: Hunting sling     |     3 |     9 |       ||    12
  Use: Potion            |       |     1 |     3 ||     4
       Scroll            |       |       |    19 ||    19
 Stab: Sleeping          |       |       |     1 ||     1
  Eat: Ration            |     1 |     2 |     5 ||     8
       Chunk             |       |       |     1 ||     1
Armor: Scale mail        |    59 |   121 |    36 ||   216
       Quicksilver drago |       |       |   122 ||   122
Dodge: Dodged            |    40 |    71 |   105 ||   216
Block: Shield            |    74 |   119 |   167 ||   360
